 Dungeon Sprint DCSS version 0.21.1-1-g345015f (webtiles) character file.

1771 sexinstructor the Warrior (level 8, -7/93 HPs)
             Began as a Minotaur Berserker on Mar 16, 2018.
             Was the Champion of Trog.
             Mangled by an orc
             ... wielding a +0 war axe
              (12 damage)
             ... in the Dungeon (Sprint III: "The Ten Rune Challenge").
             The game lasted 00:10:55 (1197 turns).

sexinstructor the Warrior (Minotaur Berserker)      Turns: 1197, Time: 00:10:55

Health: -7/93      AC:  2    Str: 23    XL:     8   Next: 80%
Magic:  7/7        EV: 17    Int:  4    God:    Trog [******]
Gold:   39         SH:  0    Dex: 11    Spells: 7/7 levels left

rFire    . . .     SeeInvis .   a - +0 mace
rCold    . . .     Gourm    .   (no shield)
rNeg     . . .     Faith    .   b - +0 animal skin
rPois    .         Spirit   .   (helmet restricted)
rElec    .         Reflect  .   (no cloak)
rCorr    .         Harm     .   (no gloves)
MR       .....     NoTele   +   (no boots)
Stlth    +.........             (no amulet)
HPRegen  0.25/turn              (no ring)
MPRegen  0.10/turn              (no ring)

@: berserk cooldown, slowed, very slow
A: retaliatory headbutt, horns 2
a: Berserk, Trog's Hand, Brothers in Arms, Burn Spellbooks, Renounce Religion


You were in the Dungeon.
You worshipped Trog.
Trog was exalted by your worship.
You were very hungry.

You visited 1 branch You collected 39 gold pieces.

Inventory:

Hand Weapons
 a - a +0 mace (weapon)
 t - a +0 long sword of holy wrath
Missiles
 u - 4 steel javelins (quivered)
Armour
 b - a +0 animal skin (worn)
Wands
 v - a wand of enslavement (9)
Scrolls
 i - a scroll of blinking
 k - a scroll of torment
 l - a scroll of identify
 m - 2 scrolls of remove curse
 p - a scroll of enchant armour {unknown}
Potions
 d - 2 potions of curing
 f - a potion of haste
 g - 2 potions of magic
 h - a potion of berserk rage
 j - 3 potions of mutation {unknown}
 n - a potion of degeneration
 o - 2 potions of flight {unknown}
Books
 q - a book of Minor Magic

   Spells                             Type                      Level
   a - Magic Dart                     Conjuration                  1
   b - Blink                          Translocation                2
   c - Call Imp                       Summoning                    2
   d - Slow                           Hexes                        2
   e - Conjure Flame                  Conjuration/Fire             3
   f - Mephitic Cloud                 Conjuration/Poison/Air       3
   Trog disapproves of the use of such an item.
 r - a book of Misfortune

   Spells                             Type                      Level
   a - Confusing Touch                Hexes                        1
   b - Confuse                        Hexes                        3
   c - Gell's Gravitas                Translocation                3
   d - Petrify                        Transmutation/Earth          4
   e - Metabolic Englaciation         Hexes/Ice                    5
   f - Yara's Violent Unravelling     Hexes/Transmutation          5
   Trog disapproves of the use of such an item.
Comestibles
 c - 3 rations
 s - 9 chunks of flesh


   Skills:
 + Level 15.9 Fighting
 - Level 13.3 Maces & Flails
 - Level 2.7 Armour
 * Level 9.9 Dodging
 - Level 0.1 Stealth


You had 7 spell levels left.
You didn't know any spells.

Dungeon Overview and Level Annotations

Branches:
Dungeon (1/1)

Altars:
Cheibriados
Dithmenos
Elyvilon
Fedhas
Gozag
Hepliaklqana
Kikubaaqudgha
Makhleb
Nemelex Xobeh
Okawaru
Qazlal
Ru
Sif Muna
Trog
Uskayaw
Vehumet
Wu Jian
Xom
Yredelemnul
Zin
The Shining One
Beogh
Jiyva
Lugonu

Shops:
D ?


Innate Abilities, Weirdness & Mutations

You reflexively headbutt those who attack you in melee.
You have a pair of horns on your head.


Message History

You kill the orc!
Trog accepts your kill. The orc completely misses you.
Items here: )))) a glowing morningstar {god gift}; a runed great sword {god gift} a giant spiked club x2
You bludgeon the orc!!
You kill the orc!
Trog accepts your kill.
You hit the orc. You headbutt the orc, but do no damage.
The orc is heavily wounded.
The orc barely misses you. You furiously retaliate!
You headbutt the orc, but do no damage. You hit the orc.
Your headbutt misses the orc.
The orc is heavily wounded.
The orc misses you.
You hit the orc. Your headbutt misses the orc.
The orc is severely wounded.
The orc hits you with a war axe!
You die...

#..###'#÷###'##o$.oo...
#..#..........#...ooooo
...'.⌠........#$##
...#...######'#$$#
...#.⌠.#__#...#'#### #
...#...#__#...#oo..#.#
...#)###__#...##)#..#
...#...#__#...'##o#.#
...#___#__'...#)@)#..#
▓▓▓▓▓▓▓▓▓▓▓▓▓▓▓▓▓▓▓ ▓▓


You could see an orc.

Vanquished Creatures
  A deep elf mage (D)
  A shadow (D)
  A spatial vortex (D)
  2 orc warriors (D)
  A necrophage (D)
  3 two-headed ogres (D)
  A water elemental (D)
  A jelly (D)
  2 orc priests (D)
  A wizard (D)
  Jessica (D)
  An orc wizard (D)
  A necromancer (D)
  3 humans (D)
  A kobold demonologist (D)
  A wolf (D)
  An ooze (D)
  9 orcs (D)
  2 rats (D)
34 creatures vanquished.

Vanquished Creatures (others)
  2 draconian scorchers (D)
  A yaktaur (D)
  6 hellions (D)
9 creatures vanquished.

Grand Total: 43 creatures vanquished

Notes
Turn   | Place    | Note
-------+----------+-------------------------------------------
     0 | D        | sexinstructor the Minotaur Berserker began the quest for the Orb.
     0 | D        | Reached XP level 1. HP: 19/19 MP: 0/0
     9 | D        | Reached skill level 4 in Fighting
    38 | D        | Reached ** piety under Trog
    49 | D        | Noticed Jessica
    60 | D        | Killed Jessica
    60 | D        | Reached skill level 6 in Fighting
    60 | D        | Reached XP level 2. HP: 24/30 MP: 1/1
    60 | D        | Reached XP level 3. HP: 30/37 MP: 2/2
    87 | D        | Killed a hellion
    89 | D        | Killed a hellion
    89 | D        | Killed a hellion
   130 | D        | Reached *** piety under Trog
   130 | D        | Reached skill level 7 in Fighting
   143 | D        | Killed a hellion
   143 | D        | Killed a hellion
   143 | D        | Killed a hellion
   154 | D        | Killed a yaktaur
   161 | D        | Killed a white draconian scorcher
   167 | D        | Killed a white draconian scorcher
   468 | D        | Noticed a water elemental
   474 | D        | Killed a water elemental
   474 | D        | Reached skill level 8 in Fighting
   474 | D        | Reached XP level 4. HP: 49/49 MP: 3/3
   515 | D        | Found a radiant altar of Vehumet.
   515 | D        | Found a deep blue altar of Sif Muna.
   515 | D        | Found an ancient bone altar of Kikubaaqudgha.
   515 | D        | Noticed a wizard
   519 | D        | Killed a wizard
   519 | D        | Reached skill level 9 in Fighting
   519 | D        | Reached XP level 5. HP: 57/57 MP: 4/4
   521 | D        | Reached **** piety under Trog
   521 | D        | Reached skill level 10 in Maces & Flails
   574 | D        | Found a glowing silver altar of Zin.
   574 | D        | Found a glowing golden altar of the Shining One.
   574 | D        | Found a white marble altar of Elyvilon.
   575 | D        | Noticed a deep elf mage
   582 | D        | Killed a deep elf mage
   582 | D        | Reached skill level 12 in Fighting
   582 | D        | Reached XP level 6. HP: 64/71 MP: 5/5
   582 | D        | Reached XP level 7. HP: 71/78 MP: 6/6
   713 | D        | Found a hide-covered altar of Uskayaw.
   713 | D        | Found a roughly hewn altar of Beogh.
   713 | D        | Found an iron altar of Okawaru.
   713 | D        | Found a bloodstained altar of Trog.
   713 | D        | Found an ornate altar of the Wu Jian Council.
   713 | D        | Noticed a human
   727 | D        | Killed a human
   727 | D        | Reached skill level 13 in Fighting
   839 | D        | Noticed a human
   848 | D        | Killed a human
   848 | D        | Reached ***** piety under Trog
   848 | D        | Reached skill level 5 in Dodging
   899 | D        | Found a basalt altar of Yredelemnul.
   899 | D        | Found a shadowy altar of Dithmenos.
   899 | D        | Found a sacrificial altar of Ru.
   909 | D        | Reached skill level 14 in Fighting
   913 | D        | Received a gift from Trog
  1011 | D        | Noticed a shadow
  1016 | D        | Killed a shadow
  1016 | D        | Reached XP level 8. HP: 90/90 MP: 7/7
  1062 | D        | Found a blossoming altar of Fedhas.
  1062 | D        | Found a stormy altar of Qazlal.
  1063 | D        | Found a snail-covered altar of Cheibriados.
  1063 | D        | Found a burning altar of Makhleb.
  1063 | D        | Found a shimmering altar of Xom.
  1064 | D        | Found a hazy altar of Hepliaklqana.
  1064 | D        | Found an opulent altar of Gozag.
  1064 | D        | Found a sparkling altar of Nemelex Xobeh.
  1064 | D        | Found a corrupted altar of Lugonu.
  1064 | D        | Found a viscous altar of Jiyva.
  1096 | D        | Reached skill level 15 in Fighting
  1140 | D        | Found Gujaik's Magic Scroll Boutique.
  1162 | D        | Received a gift from Trog
  1174 | D        | Reached ****** piety under Trog
  1182 | D        | Received a gift from Trog
  1191 | D        | HP: 3/93 [orc/flail of holy wrath (6)]
  1197 | D        | Mangled by an orc

Skill      XL: |  1  2  3  4  5  6  7  8 |
---------------+-------------------------+-----
Fighting       | 6 8 9 12 14 15 | 15.9
Maces & Flails | 6 9 13 | 13.3
Dodging        | 7 9 |  9.9
Armour         | |  2.7
Stealth        | |  0.1

Action                   |  1- 3 |  4- 6 |  7- 9 || total
-------------------------+-------+-------+-------++-------
Melee: Mace              |    21 |    10 |    88 ||   119
       Headbutt          |     3 |     1 |    20 ||    24
Invok: Berserk           |     3 |     2 |     3 ||     8
  Use: Scroll            |     2 |       |       ||     2
       Potion            |       |       |     1 ||     1
  Eat: Ration            |       |     1 |       ||     1
       Chunk             |       |       |     4 ||     4
Armor: Animal skin       |     4 |       |     1 ||     5
Dodge: Dodged            |     7 |     2 |    48 ||    57
